 Dungeon Crawl Stone Soup version 0.28.0-53-g5a82cb258f (webtiles) character file.

Game seed: 805818538541715661

129 SlickNixon the Skirmisher (level 4, -3/42 HPs)
             Began as a Minotaur Berserker on July 5, 2022.
             Was a Believer of Trog.
             Killed from afar by Natasha (8 damage)
             ... with a puff of flame
             ... on level 2 of the Dungeon.
             The game lasted 00:13:41 (1668 turns).

SlickNixon the Skirmisher (Minotaur Berserker)      Turns: 1668, Time: 00:13:46

Health: -3/42      AC:  5    Str: 23    XL:     4   Next: 88%
Magic:  3/3        EV: 19    Int:  4    God:    Trog [**....]
Gold:   55         SH:  0    Dex: 10    Spells: 3/3 levels left

rFire   . . .      SeeInvis .   a - +0 mace
rCold   . . .      Faith    .   (no shield)
rNeg    . . .      Spirit   .   e - +0 ring mail
rPois   .          Reflect  .   (helmet restricted)
rElec   .          Harm     .   (no cloak)
rCorr   .          Rampage  .   (no gloves)
Will    ++...                   (no boots)
Stlth   +.........              (no amulet)
HPRegen 1.14/turn               m - +4 ring of evasion
MPRegen 0.08/turn               p - +4 ring of evasion

@: strong-willed, on berserk cooldown, regenerating
A: horns 2, retaliatory headbutt
a: Renounce Religion, Berserk, Trog's Hand


You were on level 2 of the Dungeon.
You worshipped Trog.
Trog was pleased with you.
You visited 1 branch of the dungeon, and saw 2 of its levels.

You collected 55 gold pieces.

Inventory:

Hand Weapons
 a - a +0 mace (weapon)
 d - a +0 whip
 f - a +0 dagger
 h - a +0 club
 i - a +0 hand axe
 k - a +0 dagger
 r - a +0 dagger
Missiles
 g - 18 stones (quivered)
 j - 7 arrows
 n - 6 poisoned darts
Armour
 b - a +0 animal skin
 e - a +0 ring mail (worn)
 s - a +0 leather armour
 v - a +0 ring mail
 w - a +0 leather armour
 x - a +0 ring mail
 y - a +0 leather armour
 z - a +0 leather armour
Jewellery
 m - a +4 ring of evasion (left hand)
 p - a +4 ring of evasion (right hand)
 u - a ring of fire
Scrolls
 l - 3 scrolls of teleportation {unknown}
 o - a scroll of magic mapping {unknown}
Potions
 c - a potion of curing {unknown}
 q - 2 potions of brilliance {unknown}
 t - a potion of flight {unknown}


   Skills:
 + Level 5.0 Fighting
 + Level 5.0 Maces & Flails
 + Level 3.0 Armour
 + Level 2.9 Dodging
 + Level 0.2 Stealth


You had 3 spell levels left.
You didn't know any spells.
Your spell library was empty.

Dungeon Overview and Level Annotations

Branches:
Dungeon (2/15)

Altars:

Annotations:
D:2 Natasha


Innate Abilities, Weirdness & Mutations

You have a pair of horns on your head.
You reflexively headbutt those who attack you in melee.


Message History

You barely miss the quokka. The quokka closely misses you. x2
You miss the quokka. Your headbutt misses the quokka.
The quokka closely misses you. You furiously retaliate!
You headbutt the quokka.
You kill the quokka!
Trog accepts your kill. The endoplasm freezes you.
You are frozen.
You sock the endoplasm!
You kill the endoplasm!
Trog accepts your kill. The rat closely misses you. You furiously retaliate!
You headbutt the rat!
You kill the rat!
Trog accepts your kill.
You open the door.
There is an open door here.
Natasha, Servant of Life and Death comes into view.
She is carrying a wand of flame (19).
Natasha hisses angrily.
Natasha zaps a wand.
The puff of flame hits you.
Natasha casts a spell.
Natasha mumbles some strange words.
You feel disoriented.
You feel yourself speed up. The shadow imp closely misses you.
You barely miss the shadow imp. The shadow imp barely misses you.
Natasha closely misses you.
You hit the shadow imp. Your headbutt misses the shadow imp.
The shadow imp is heavily wounded.
The shadow imp gestures at you. Pain shoots through your body!
Natasha stares at you and mumbles some strange words.
The magic dart hits you.
* * * LOW HITPOINT WARNING * * *
Your skin crawls.
You feel strong-willed.
The shadow imp laughs crazily.
The shadow imp hits you.
* * * LOW HITPOINT WARNING * * *
Natasha zaps a wand.
The puff of flame hits you!
You die...

#.# #≈.....≈#.# #.#
#####≈.≈⌠≈.≈#.#### #.#
#...#≈.≈§≈.≈#.>..##########
###.###.#.#≈§≈⌠≈.≈#....#........#
........#.#≈.....≈#....#........#
......†...#≈≈≈.≈≈≈#.....).....>..
####...)..####'####....#).......#
##..####.##.........#...#####.
#####.......###.@......#...# #.
...........## ##5h######...# #.
######..##.# ##..######...#####.
##.##.# #....†.............
#..#.# #....#####†).......
######†#.# #....#.............
#....#...# #....#.............
##.##.##..####....#.............
#...........##....#.......######


You could see Natasha and a shadow imp (summoned).

Vanquished Creatures
  Natasha (D:2)
  3 adders (D:2)
  3 worms (D:2)
  3 dart slugs
  6 endoplasms
  7 goblins
  6 hobgoblins
  7 jackals (D:2)
  3 quokkas (D:2)
  2 ball pythons (D:1)
  5 bats
  9 frilled lizards
  4 kobolds
  2 rats (D:2)
61 creatures vanquished.

Vanquished Creatures (others)
  9 plants (D:1)
9 creatures vanquished.

Grand Total: 70 creatures vanquished

Notes
Turn   | Place    | Note
-------+----------+-------------------------------------------
     0 | D:1      | SlickNixon the Minotaur Berserker began the quest for the
                  | Orb.
     0 | D:1      | Reached XP level 1. HP: 19/19 MP: 0/0
   220 | D:1      | Found a faded altar of an unknown god.
   240 | D:1      | Reached XP level 2. HP: 22/27 MP: 1/1
   634 | D:1      | Reached ** piety under Trog
  1052 | D:1      | Reached XP level 3. HP: 33/33 MP: 2/2
  1432 | D:2      | Reached XP level 4. HP: 41/41 MP: 3/3
  1571 | D:2      | Reached skill level 5 in Fighting
  1620 | D:2      | Noticed Natasha
  1636 | D:2      | Killed Natasha
  1636 | D:2      | Reached *** piety under Trog
  1637 | D:2      | Reached skill level 5 in Maces & Flails
  1662 | D:2      | Noticed Natasha
  1668 | D:2      | Killed from afar by Natasha

Illustrated notes

Levels and vault maps discovered:
D:1:      dpeg_arrival_arbitrary_b, layout_loops_corners,
          hellmonk_ecumenical_altar_arch_garden, minmay_lizard_king
D:2:      layout_basic, kennysheep_generic_room_11, uniq_natasha

Skill      XL: |  1  2  3  4 |
---------------+-------------+-----
Fighting       | 4 5 |  5.0
Maces & Flails | 4 5 |  5.0
Armour         | 3 |  3.0
Dodging        | |  2.9
Stealth        | |  0.2

Action                   |  1- 3 |  4- 6 || total
-------------------------+-------+-------++-------
Melee: Mace              |    68 |    50 ||   118
       Headbutt          |     7 |     5 ||    12
Invok: Berserk           |     1 |     1 ||     2
       Trog's Hand       |       |     1 ||     1
Armor: Animal skin       |     2 |       ||     2
       Ring mail         |     8 |     8 ||    16
Dodge: Dodged            |    81 |    46 ||   127
